 Dungeon Crawl Stone Soup version 0.24-a0-280-g7cec4da (webtiles) character file.

Game seed: 15431819914625169736

1218 wirefist the Sneak (level 8, 0/40 HPs)
             Began as a Vine Stalker Enchanter on May 5, 2019.
             Succumbed to Dowan's poison
             ... on level 6 of the Dungeon.
             The game lasted 00:27:04 (6284 turns).

wirefist the Sneak (Vine Stalker Enchanter)         Turns: 6284, Time: 00:27:05

Health: 0/40       AC:  5    Str: 11    XL:     8   Next: 46%
Magic:  7/15       EV: 14    Int: 15    God:
Gold:   289        SH:  0    Dex: 17    Spells: 6/15 levels left

rFire    . . .     SeeInvis .   a - +2 dagger
rCold    . . .     Gourm    .   (no shield)
rNeg     . . .     Faith    .   b - +0 robe
rPois    .         Spirit   +   (no helmet)
rElec    .         Reflect  .   (no cloak)
rCorr    .         Harm     .   (no gloves)
MR       ++...                  j - +2 pair of boots
Stlth    +++.......             (no amulet)
HPRegen  0.53/turn              h - ring of protection from magic
MPRegen  0.14/turn              (no ring)

@: lethally poisoned (0 -> -32), very slightly contaminated
A: fangs 3, regeneration 1, magic shield, antimagic bite, no potion heal 3, rot
immunity
a: no special abilities


You were on level 6 of the Dungeon.
You were not hungry.

You visited 2 branches of the dungeon, and saw 7 of its levels.

You collected 289 gold pieces.

Inventory:

Hand Weapons
 a - a +2 dagger (weapon)
Missiles
 l - 5 poisoned tomahawks (quivered)
Armour
 b - a +0 robe (worn)
 j - a +2 pair of boots (worn)
 m - a +1 helmet
Jewellery
 h - a ring of protection from magic (left hand)
Wands
 p - a wand of flame (6)
Scrolls
 e - 2 scrolls of remove curse
 i - 6 scrolls of identify
 o - 2 scrolls of noise
 t - a scroll of amnesia {unknown}
 u - a scroll of enchant weapon
 v - a scroll of magic mapping
Potions
 c - 2 potions of degeneration {unknown}
 f - a potion of agility {unknown}
 g - a potion of haste {unknown}
 k - 2 potions of curing {unknown}
 n - a potion of might {unknown}
 r - a potion of invisibility {unknown}
 s - a potion of flight {unknown}
Comestibles
 d - 13 rations
 q - 5 chunks of flesh


   Skills:
 + Level 3.4 Fighting
 + Level 3.4 Short Blades
 + Level 3.5 Dodging
 + Level 6.3 Stealth
 + Level 4.3 Spellcasting
 + Level 4.2 Hexes
 + Level 3.0 Ice Magic


You had 6 spell levels left.
You knew the following spells:

 Your Spells              Type           Power        Failure   Level  Hunger
a - Corona                Hex            ###....      3%          1    None
b - Ensorcelled Hibernat  Hex/Ice        ##....       6%          2    ##.....
c - Tukima's Dance        Hex            ###.....     10%         3    ###....
d - Confuse               Hex            ###.....     10%         3    ###....

Your spell library contained the following spells:

 Spells                   Type           Power        Failure   Level  Hunger
 Dazzling Spray           Conj/Hex       #.....       22%         3    ###....


Dungeon Overview and Level Annotations

Branches:
Dungeon (6/15)             Temple (1/1) D:4

Altars:
Ashenzari
Cheibriados
Elyvilon
Fedhas
Gozag
Makhleb
Nemelex Xobeh
Okawaru
Ru
Uskayaw
Wu Jian
Zin

Shops:
D:4 [

Annotations:
D:6 Dowan


Innate Abilities, Weirdness & Mutations

You have razor-sharp teeth.
Your natural rate of healing is unusually fast.
When hurt, damage is shared between your health and your magic reserves.
Your bite disrupts and absorbs the magic of your enemies.
Potions cannot restore your health.
You are immune to rotting.


Message History

Dowan misses you.
You barely miss Dowan.
Dowan is severely wounded.
* * * LOW HITPOINT WARNING * * *
You feel very sick. Dowan barely misses you.
You hit Dowan. You bite Dowan, but do no damage.
Dowan is severely wounded.
* * * LOW HITPOINT WARNING * * *
You feel sick. Dowan hits you but does no damage.
You are more poisoned.
You hit Dowan.
Dowan is severely wounded.
* * * LOW HITPOINT WARNING * * *
You feel very sick. Dowan hits you but does no damage.
Dowan closely misses you.
You hit Dowan but do no damage. You bite Dowan.
Dowan's magic leaks into the air.
You drain his magic.
You feel invigorated.
Dowan is severely wounded.
You die...

#### #. #... .. ####
#... ### #. #....##...
... .. #..).#####
#.#.###. #....#...#
#...... ##........#
##.# .#........#
###e@#####.#........#
#..........#.........
#.##.#.....+...<.....
.. ...#.#.#.#.........
#.#......#.#.###.#.#...
# ######.#...# #......#
###.#.# ###.....
#######.##########..
....[...............


You could see Dowan.

Vanquished Creatures
  Duvessa (D:6)
  3 ogres
  A necrophage (D:5)
  A big kobold (D:4)
  2 howler monkeys
  A crimson imp (D:5)
  A hound (D:3)
  2 orc priests (D:5)
  5 orc wizards
  An iguana (D:5)
  5 worker ants (D:4)
  2 worker ant zombies
  6 adders
  2 oozes
  2 adder skeletons (D:3)
  An adder zombie (D:3)
  2 worms (D:2)
  2 dart slugs (D:1)
  2 leopard geckos
  22 orcs
  5 giant cockroaches
  8 hobgoblins
  2 quokkas
  2 ball pythons
  A ball python skeleton (D:4)
  7 bats
  3 frilled lizards
  A giant cockroach zombie (D:3)
  10 goblins
  12 kobolds
  A quokka skeleton (D:3)
  9 rats
125 creatures vanquished.

Notes
Turn   | Place    | Note
-------+----------+-------------------------------------------
     0 | D:1      | wirefist the Vine Stalker Enchanter began the quest for the
                  | Orb.
     0 | D:1      | Reached XP level 1. HP: 9/9 MP: 4/4
   217 | D:1      | Reached skill level 1 in Short Blades
   262 | D:1      | Reached XP level 2. HP: 12/14 MP: 6/6
   469 | D:1      | Reached skill level 4 in Stealth
   497 | D:1      | Reached skill level 1 in Fighting
   614 | D:1      | Reached XP level 3. HP: 18/18 MP: 7/7
  1548 | D:1      | Learned a level 2 spell: Ensorcelled Hibernation
  2269 | D:2      | Gained mutation: Your natural rate of healing is unusually
                  | fast. [Vine Stalker growth]
  2269 | D:2      | Reached XP level 4. HP: 11/22 MP: 1/8
  3058 | D:3      | Reached XP level 5. HP: 22/26 MP: 8/10
  3222 | D:3      | Found a burning altar of Makhleb.
  3296 | D:4      | Reached skill level 5 in Stealth
  3296 | D:4      | Reached skill level 1 in Ice Magic
  3379 | D:4      | Found Urhe's Antique Armour Boutique.
  3392 | D:4      | Found a staircase to the Ecumenical Temple.
  3399 | Temple   | Entered the Ecumenical Temple
  3567 | D:4      | Reached XP level 6. HP: 30/30 MP: 8/11
  4267 | D:4      | Learned a level 3 spell: Tukima's Dance
  4271 | D:4      | Learned a level 3 spell: Confuse
  4303 | D:5      | Entered Level 5 of the Dungeon
  4326 | D:5      | Noticed a necrophage
  4340 | D:4      | Reached XP level 7. HP: 7/35 MP: 8/13
  4864 | D:5      | Noticed a +0 dagger
  4865 | D:5      | Noticed a +0 hand axe
  4886 | D:5      | Found a hide-covered altar of Uskayaw.
  5247 | D:5      | Gained mutation: You have razor-sharp teeth. [Vine Stalker
                  | growth]
  5247 | D:5      | Reached XP level 8. HP: 24/40 MP: 2/14
  5317 | D:5      | Reached skill level 6 in Stealth
  6256 | D:6      | Noticed Duvessa
  6257 | D:6      | Noticed Dowan
  6263 | D:6      | Killed Duvessa
  6284 | D:6      | Succumbed to Dowan's poison

Levels and vault maps discovered:
D:1:      dpeg_arrival_water_temple_mockup, layout_basic, minmay_pentomino_v4
D:2:      layout_basic
D:3:      layout_rooms, serial_undead, serial_undead_f, serial_undead_e,
          serial_undead_d, serial_undead_c, serial_bayou_pond_c, dk_vineyard_3,
          nrook_loot_triangle, makhleb_blood_cavern_becter
D:4:      layout_basic, minmay_temple_entry_junction_2, serial_shops,
          nicolae_shop_behind_doors, minmay_cupped
D:5:      layout_cave_pools, dancing_weapons_uskayaw, first_ration
D:6:      layout_basic, grunt_temple_overflow_open, gammafunk_ghost_smash,
          serial_shops, shop, uniq_duvessa
Temple:   cyrus_temple_forest

Skill      XL: |  1  2  3  4  5  6  7  8 |
---------------+-------------------------+-----
Short Blades   | 1 2 3 |  3.4
Stealth        | 4 5 6 |  6.3
Fighting       | 1 2 3 |  3.4
Dodging        | 2 3 |  3.5
Spellcasting   | 3 4 |  4.3
Ice Magic      | 1 2 3 |  3.0
Hexes          | 4 |  4.2

Action                   |  1- 3 |  4- 6 |  7- 9 || total
-------------------------+-------+-------+-------++-------
Melee: Dagger            |   120 |   123 |   201 ||   444
       Bite              |    19 |    30 |    68 ||   117
 Cast: Ensorcelled Hiber |     9 |    25 |    38 ||    72
       Confuse           |       |       |     3 ||     3
  Use: Scroll            |     4 |       |     2 ||     6
 Stab: Sleeping          |    10 |    15 |    13 ||    38
       Distracted        |       |     1 |       ||     1
  Eat: Chunk             |     5 |     8 |     5 ||    18
       Ration            |       |       |     1 ||     1
Armor: Robe              |    48 |    25 |    27 ||   100
Dodge: Dodged            |    97 |    65 |   122 ||   284

Table legend:
 A = Non-vault XP
 B = Vault XP
 C = Vault XP percentage of total XP
 D = Non-vault monster count
 E = Vault monster count
 F = Vault count percentage of total count
                 A         B        C        D         E       F
            +---------+---------+-------+---------+---------+-------
      Total |    1471 |     270 |  15.5 |     112 |      13 |  10.4
            +---------+---------+-------+---------+---------+-------
        D:1 |      42 |       5 |  10.6 |      25 |       3 |  10.7
        D:2 |      57 |       0 |   0.0 |      16 |       0 |   0.0
        D:3 |      38 |      76 |  66.7 |      16 |       7 |  30.4
        D:4 |     381 |      47 |  11.0 |      19 |       2 |   9.5
        D:5 |     810 |       0 |   0.0 |      29 |       0 |   0.0
        D:6 |     143 |     142 |  49.8 |       7 |       1 |  12.5
            +---------+---------+-------+---------+---------+-------
